 Dungeon Crawl Stone Soup version 0.29-a0-284-gf9362112df (webtiles) character file.

Game seed: 1156386003799776152

81 sammy202020 the Skirmisher (level 4, -5/29 HPs)
             Began as a Gargoyle Berserker on Mar 20, 2022.
             Was a Believer of Trog.
             Killed from afar by Ijyb (17 damage)
             ... with an iceblast
             ... on level 3 of the Dungeon.
             The game lasted 00:03:02 (2863 turns).

sammy202020 the Skirmisher (Gargoyle Berserker)     Turns: 2863, Time: 00:03:02

Health: -5/29      AC: 12    Str: 20    XL:     4   Next: 40%
Magic:  4/4        EV: 11    Int: 10    God:    Trog [**....]
Gold:   111        SH:  0    Dex:  9    Spells: 3/3 levels left

rFire   . . .      SeeInvis .   a - +0 mace
rCold   . . .      Faith    .   (no shield)
rNeg    + . .      Spirit   .   d - +0 ring mail
rPois   ∞          Reflect  .   g - +2 helmet
rElec   +          Harm     .   (no cloak)
rCorr   .          Rampage  .   (no gloves)
Will    .....                   (no boots)
Stlth   ..........              (no amulet)
HPRegen 0.09/turn               (no ring)
MPRegen 0.09/turn               (no ring)

@: no status effects
A: sickness immunity, AC +3, negative energy resistance 1, electricity
resistance, torment resistance 1, petrification resistance
a: Renounce Religion, Berserk, Trog's Hand


You were on level 3 of the Dungeon.
You worshipped Trog.
Trog was pleased with you.
You visited 1 branch of the dungeon, and saw 3 of its levels.

You collected 111 gold pieces.

Inventory:

Hand Weapons
 a - a +0 mace (weapon)
Missiles
 r - 4 poisoned darts (quivered)
Armour
 d - a +0 ring mail (worn)
 g - a +2 helmet (worn)
Scrolls
 j - a scroll of magic mapping
 l - a scroll of torment
Potions
 b - a potion of haste {unknown}
 c - a potion of lignification {unknown}
 f - 2 potions of might {unknown}
 h - a potion of mutation {unknown}
 i - 3 potions of brilliance
 n - 2 potions of berserk rage {unknown}
 o - a potion of invisibility {unknown}


   Skills:
 + Level 4.0 Fighting
 + Level 3.6 Maces & Flails
 + Level 3.1 Armour
 + Level 2.2 Dodging


You had 3 spell levels left.
You didn't know any spells.
Your spell library was empty.

Dungeon Overview and Level Annotations

Branches:
Dungeon (3/15)

Altars:

Annotations:
D:3 Ijyb


Innate Abilities, Weirdness & Mutations

You are immune to sickness and miasma.
Your stone body is resilient. (AC +3)
You are immune to poison.
You resist negative energy. (rN+)
You are resistant to electric shocks. (rElec)
You are resistant to unholy torment.
You are immune to petrification.


Message History

As you read the scroll of identify, it crumbles to dust.
k - 3 potions of degeneration You feel your willpower return.
HP restored.
Found an escape hatch in the ceiling.
You drop 3 potions of degeneration.
Found a scroll of amnesia.
Found a mace.
Found two maces.
Found a stone staircase leading down.
Ijyb and a rat come into view.
Ijyb is wielding a +0 dagger and carrying a wand of iceblast (10).
There are monsters nearby!
Ijyb zaps a wand.
The mass of ice explodes!
The iceblast engulfs you!
Ijyb zaps a wand.
The mass of ice explodes!
The iceblast engulfs you!
You are too injured to fight recklessly!
You are too injured to fight recklessly!
You are too injured to fight recklessly!
You are too injured to fight recklessly!
You are too injured to fight recklessly!
You are too injured to fight recklessly!
You are too injured to fight recklessly!
You are too injured to fight recklessly!
You are too injured to fight recklessly!
You are too injured to fight recklessly!
You are too injured to fight recklessly!
You are too injured to fight recklessly!
You are too injured to fight recklessly!
You are too injured to fight recklessly!
You are too injured to fight recklessly!
You are too injured to fight recklessly!
You are too injured to fight recklessly!
Unknown command.
Ijyb screams, "Get away!"
The rat barely misses you.
You thump the rat!
You kill the rat!
Trog accepts your kill.
Ijyb zaps a wand.
The mass of ice explodes!
The iceblast engulfs you!
Ouch! That really hurt!
You die...

*,,,,,,,,****,,,,,**,*,,,
*****,#.........,***,*,*,
*,#........#,***,,,,,
*,........##,*,,,,,,,
**#........#**,***,**
#........#,***,***,
#...g..>..*,*,*,*,*
##.........*,*,*,*,*
###..@...#####*,***,#*
#...###...##.########.
#.#####.#.##...#...#..
#.###...........<.....
#..##?##........######
##.#...........!...# #
#....##......####.# #
##....###.#### #.###
#....# #.#######...#


You could see Ijyb.

Vanquished Creatures
  2 adders (D:2)
  4 dart slugs (D:1)
  6 endoplasms
  2 giant cockroaches
  7 goblins
  5 hobgoblins (D:1)
  4 kobolds
  2 quokkas
  3 ball pythons
  5 bats
  2 frilled lizards
  10 rats
52 creatures vanquished.

Notes
Turn   | Place    | Note
-------+----------+-------------------------------------------
     0 | D:1      | sammy202020 the Gargoyle Berserker began the quest for the
                  | Orb.
     0 | D:1      | Reached XP level 1. HP: 14/14 MP: 1/1
   315 | D:1      | Reached XP level 2. HP: 11/19 MP: 2/2
   854 | D:1      | Found a faded altar of an unknown god.
  1006 | D:1      | Reached XP level 3. HP: 23/23 MP: 3/3
  1901 | D:2      | Reached XP level 4. HP: 29/29 MP: 4/4
  1955 | D:2      | Reached ** piety under Trog
  2705 | D:3      | Reached skill level 4 in Fighting
  2859 | D:3      | Noticed Ijyb
  2863 | D:3      | Killed from afar by Ijyb

Illustrated notes

Levels and vault maps discovered:
D:1:      dpeg_arrival_arbitrary_c, layout_basic,
          hellmonk_ecumenical_altar_inner_sanctum
D:2:      layout_basic, minmay_door_square, minmay_tromino_v4_c
D:3:      layout_rooms, grunt_decor_resistance, nrook_uturn,
          uniq_crazy_yiuf_cottage, uniq_natasha, uniq_ijyb

Skill      XL: |  1  2  3  4 |
---------------+-------------+-----
Dodging        | 2 |  2.2
Armour         | 3 |  3.1
Fighting       | 4 |  4.0
Maces & Flails | |  3.6

Action                   |  1- 3 |  4- 6 || total
-------------------------+-------+-------++-------
Melee: Mace              |   113 |    36 ||   149
  Use: Scroll            |     1 |     6 ||     7
 Stab: Sleeping          |     2 |       ||     2
Armor: Animal skin       |    33 |       ||    33
       Ring mail         |     7 |    24 ||    31
Dodge: Dodged            |    74 |    27 ||   101

Table legend: (Time is in decaauts)
 A = Elapsed time spent in this place.
 B = Non-inter-level travel time spent in this place.
 C = Inter-level travel time spent in this place.
 D = Time resting spent in this place.
 E = Time spent auto-exploring this place.
 F = Levels seen in this place.
 G = Mean time per level.
                   A        B        C        D        E       F      G
               +--------+--------+--------+--------+--------+-----+--------+
         Total |   2897 |   2825 |     72 |      0 |   2385 |   3 |  965.7 |
       Dungeon |   2897 |   2825 |     72 |      0 |   2385 |   3 |  965.7 |
               +--------+--------+--------+--------+--------+-----+--------+

Top non-repeatable levels by time:
     D:1: 1518 daAuts
     D:2: 1165 daAuts
     D:3: 214 daAuts
